 Dungeon Crawl Stone Soup version 0.27-a0-448-gace5c5693b (webtiles) character file.

Game seed: 7948763336733824328

296915 rednaxela the Eclecticist (level 20, -18/88 HPs)
             Began as a Spriggan Enchanter on Feb 26, 2021.
             Was a High Priest of Sif Muna.
             Blown up by Boris (96 damage)
             ... with an orb of destruction
             ... on level 4 of the Vaults on Feb 27, 2021.
             The game lasted 05:02:54 (76322 turns).

rednaxela the Eclecticist (Spriggan Enchanter)     Turns: 76322, Time: 05:02:55

Health: -18/88     AC: 17    Str:  6    XL:     20   Next: 9%
Magic:  32/45      EV: 28    Int: 23    God:    Sif Muna [*****.]
Gold:   3835       SH: 10    Dex: 14    Spells: 23/59 levels left

rFire    . . .     SeeInvis +   a - +9 dagger (freeze)
rCold    . . .     Faith    .   r - +3 warlock's mirror {reflect}
rNeg     + + .     Spirit   .   j - +5 steam dragon scales
rPois    .         Reflect  +   (helmet restricted)
rElec    +         Harm     .   S - +2 cloak {Will+}
rCorr    .         Rampage  .   (gloves unavailable)
Will     ++++.                  (boots unavailable)
Stlth    ++++++....             R - amulet of regeneration
HPRegen  1.24/turn              J - +4 ring of protection {=R}
MPRegen  0.29/turn              e - ring of Twilight {+Fly rElec rN++ Dex-2}

@: very quick
A: very small, unfitting armour, see invisible, speed 3
}: 2/15 runes: decaying, gossamer
a: Renounce Religion, Evoke Flight, Channel Magic, Forget Spell, Divine Exegesis


You were on level 4 of the Vaults.
You worshipped Sif Muna.
Sif Muna was extremely pleased with you.
You visited 7 branches of the dungeon, and saw 36 of its levels.

You collected 3835 gold pieces.

Inventory:

Hand Weapons
 a - a +9 dagger of freezing (weapon)
   (You found it on level 6 of the Dungeon)
Missiles
 s - 16 curare-tipped darts
 M - a throwing net {!f}
Armour
 j - +5 steam dragon scales (worn)
   (You found it on level 4 of the Swamp)
 r - the +3 warlock's mirror (worn) {reflect}
   (You acquired it on level 4 of the Lair of Beasts)
 E - a +2 robe of the Archmagi
   (You took it off an orc wizard on level 2 of the Orcish Mines)
 S - a +2 cloak of willpower (worn)
   (You took it off Nikola on level 2 of the Swamp)
Jewellery
 c - a ring of protection from cold
   (You found it on level 7 of the Dungeon)
 e - the ring of Twilight (right hand) {+Fly rElec rN++ Dex-2}
   (You found it on level 15 of the Dungeon)

   [ring of flight]

   It affects your dexterity (-2).
   It insulates you from electricity.
   It greatly protects you from negative energy.
   It lets you fly.
 f - a ring of protection from fire
   (You found it on level 8 of the Dungeon)
 n - a ring of positive energy
   (You found it on level 6 of the Dungeon)
 w - a ring of willpower
   (You found it on level 11 of the Dungeon)
 J - a +4 ring of protection (left hand) {=R}
   (You found it on level 2 of the Lair of Beasts)
 P - a +4 ring of protection
   (You found it on level 3 of the Lair of Beasts)
 R - an amulet of regeneration (around neck)
   (You took it off a centaur on level 7 of the Dungeon)
Wands
 b - a wand of digging (10) {@v3}
   (You took it off a centaur on level 14 of the Dungeon)
 q - a wand of acid (20) {@v1}
   (You found it on level 10 of the Dungeon)
 t - a wand of paralysis (17)
   (You found it on level 4 of the Dungeon)
 y - a wand of mindburst (24)
   (You found it on level 5 of the Lair of Beasts)
 z - a wand of polymorph (47)
   (You found it on level 6 of the Dungeon)
 G - a wand of iceblast (35) {@v2}
   (You found it on level 9 of the Dungeon)
 U - a wand of flame (25) {@v4}
   (You found it on level 2 of the Vaults)
Scrolls
 g - 6 scrolls of fear {!r}
 i - 5 scrolls of fog {!r}
 m - 3 scrolls of blinking {@r4}
 o - 2 scrolls of immolation
 p - a scroll of enchant armour
 u - 14 scrolls of identify {@r1}
 v - a scroll of torment
 x - 17 scrolls of teleportation {@r3 !r}
 A - 5 scrolls of magic mapping {@r5 !r}
 K - 3 scrolls of holy word
 L - a scroll of summoning
 V - a scroll of vulnerability
Potions
 d - 3 potions of might {@q3 !q}
 h - 5 potions of cancellation {!q}
 k - 2 potions of mutation
 l - a potion of haste {@q4 !q}
 C - 6 potions of flight
 D - 2 potions of resistance
 F - 5 potions of berserk rage
 H - 5 potions of brilliance
 I - a potion of lignification {@q5}
 N - 6 potions of ambrosia {!q}
 O - 7 potions of curing {@q1 !q}
 Q - 3 potions of heal wounds {@q2 !q}
Miscellaneous
 B - a lightning rod (4/4)
   (You found it on level 6 of the Lair of Beasts)
 T - a box of beasts
   (You found it on level 2 of the Vaults)


   Skills:
 - Level 3.0 Fighting
 - Level 1.1 Short Blades
 - Level 15.0 Dodging
 - Level 15.0 Stealth
 - Level 7.2 Shields
 - Level 20.4 Spellcasting
 - Level 6.0 Conjurations
 - Level 12.1 Hexes
 + Level 19.0 Air Magic
 - Level 9.0 Invocations
 - Level 9.6 Evocations


You had 23 spell levels left.
You knew the following spells:

 Your Spells              Type           Power        Failure   Level
a - Airstrike             Air            42%          0%          4
b - Ensorcelled Hibernat  Hex/Ice        100%         1%          2
c - Confusing Touch       Hex            68%          1%          3
d - Tukima's Dance        Hex            68%          1%          3
e - Lightning Bolt        Conj/Air       34%          1%          5
f - Conjure Ball Lightni  Conj/Air       34%          1%          6
s - Swiftness             Air            84%          0%          2
t - Blink                 Tloc           N/A          3%          2
A - Apportation           Tloc           46%          1%          1
I - Invisibility          Hex            68%          1%          6
W - Passwall              Tmut/Erth      19%          3%          2

Your spell library contained the following spells:

 Spells                   Type           Power        Failure   Level
 Corona                   Hex            75%          0%          1
 Shock                    Conj/Air       100%         0%          1
 Animate Skeleton         Necr           46%          1%          1
 Beastly Appendage        Tmut           46%          1%          1
 Foxfire                  Conj/Fire      100%         1%          1
 Magic Dart               Conj           100%         1%          1
 Pain                     Necr           92%          1%          1
 Summon Small Mammal      Summ           92%          1%          1
 Corpse Rot               Necr/Air       N/A          1%          2
 Poisonous Vapours        Pois/Air       100%         1%          2
 Conjure Flame            Conj/Fire      37%          1%          3
 Dazzling Flash           Conj/Hex       100%         1%          3
 Inner Flame              Hex/Fire       50%          1%          3
 Mephitic Cloud           Conj/Pois/Air  58%          1%          3
 Static Discharge         Conj/Air       69%          1%          3
 Stone Arrow              Conj/Erth      74%          1%          3
 Summon Guardian Golem    Hex/Summ       50%          1%          3
 Cause Fear               Hex            34%          1%          4
 Fulminant Prism          Conj/Hex       30%          1%          4
 Leda's Liquefaction      Hex/Erth       25%          1%          4
 Summon Lightning Spire   Summ/Air       61%          1%          4
 Silence                  Hex/Air        38%          1%          5
 Sublimation of Blood     Necr           11%          3%          2
 Wereblood                Tmut           23%          3%          2
 Metabolic Englaciation   Hex/Ice        25%          4%          5
 Summon Mana Viper        Hex/Summ       50%          4%          5
 Yara's Violent Unravell  Hex/Tmut       25%          4%          5
 Iskenderun's Mystic Bla  Conj/Tloc      37%          5%          4
 Sticky Flame             Conj/Fire      37%          5%          4
 Gell's Gravitas          Tloc           11%          6%          3
 Lesser Beckoning         Tloc           11%          6%          3
 Spider Form              Tmut/Pois      11%          6%          3
 Teleport Other           Tloc           23%          6%          3
 Vampiric Draining        Necr           11%          6%          3
 Freezing Cloud           Conj/Ice/Air   29%          10%         6
 Fireball                 Conj/Fire      18%          16%         5
 Irradiate                Conj/Tmut      18%          16%         5
 Animate Armour           Summ/Erth      46%          19%         4
 Animate Dead             Necr           11%          19%         4
 Dispel Undead            Necr           23%          19%         4
 Ice Form                 Ice/Tmut       23%          19%         4
 Manifold Assault         Tloc           23%          19%         4
 Olgreb's Toxic Radiance  Pois           23%          19%         4
 Passage of Golubria      Tloc           N/A          19%         4
 Petrify                  Tmut/Erth      23%          19%         4
 Agony                    Necr           23%          47%         5
 Alistair's Intoxication  Tmut/Pois      15%          47%         5
 Blade Hands              Tmut           11%          47%         5
 Borgnjor's Vile Clutch   Necr/Erth      11%          47%         5
 Excruciating Wounds      Necr           11%          47%         5
 Lee's Rapid Deconstruct  Erth           11%          47%         5
 Summon Forest            Summ/Tloc      11%          47%         5
 Chain Lightning          Conj/Air       34%          58%         8
 Tornado                  Air            42%          63%         9
 Iron Shot                Conj/Erth      18%          65%         6
 Discord                  Hex            34%          65%         8
 Orb of Destruction       Conj           25%          80%         7
 Death Channel            Necr           11%          96%         6
 Dispersal                Tloc           11%          96%         6
 Hydra Form               Tmut           11%          96%         6
 Simulacrum               Ice/Necr       11%          96%         6
 Haunt                    Necr/Summ      11%          100%        7
 Borgnjor's Revivificati  Necr           11%          100%        8
 Infestation              Necr           11%          100%        8
 Lehudib's Crystal Spear  Conj/Erth      18%          100%        8
 Necromutation            Tmut/Necr      11%          100%        8
 Death's Door             Necr           11%          100%        9
 Shatter                  Erth           11%          100%        9


Dungeon Overview and Level Annotations

Branches:
Dungeon (15/15)            Temple (1/1) D:4            Lair (6/6) D:8
  Swamp (4/4) Lair:2       Spider (4/4) Lair:2        Slime (0/5) Lair:5
    Orc (2/2) D:10            Elf (0/3) Orc:2        Vaults (4/5) D:13
  Crypt (0/3) Vaults:2     Depths (0/5) D:15

Altars:
Ashenzari
Cheibriados
Dithmenos
Elyvilon
Fedhas
Gozag
Hepliaklqana
Kikubaaqudgha
Makhleb
Nemelex Xobeh
Okawaru
Qazlal
Ru
Sif Muna
Trog
Uskayaw
Vehumet
Wu Jian
Xom
Yredelemnul
Zin
The Shining One
Beogh

Shops:
D:4 (   D:7 *   Orc:2 (=*[(   Vaults:3 :

Annotations:
D:7 3 runed translucent doors, foci's ghost, novice GrFi
D:10 1 runed translucent door
D:14 2 transporters, 3 runed translucent doors, Khashishi's ghost, journeyman OgWz
Lair:3 exclusion: 4 oklob plants
Lair:5 exclusion: oklob plant
Swamp:1 1 runed translucent door, Qemahefa's ghost, adept GrFi
Orc:1 1 transporter
Orc:2 3 runed translucent doors, jasper's ghost, journeyman TeFi; miscthings's ghost, journeyman DsGl; snackwell's ghost, journeyman NaGl
Vaults:1 1 runed translucent door, theMacoje's ghost, adept OgEn
Vaults:3 36 runed doors
Vaults:4 Bai Suzhen; Boris
Vaults:5 !


Innate Abilities, Weirdness & Mutations

You are very small and have problems with some larger weapons.
You are too small for most types of armour.
You have supernaturally acute eyesight. (SInv)
You cover ground extremely quickly.


Message History

Your ball lightning completely resists.
The blast of lightning engulfs you! You resist.
Boris says, "There's only one solution for you.
To die."
Your ball lightning explodes!
The blast of lightning engulfs your ball lightning.
Your ball lightning completely resists.
The blast of lightning engulfs your ball lightning.
Your ball lightning completely resists.
The blast of lightning engulfs your ball lightning.
Your ball lightning completely resists.
The blast of lightning engulfs your ball lightning.
Your ball lightning completely resists.
The blast of lightning engulfs you! You resist.
There is a stone staircase leading up here.
Your ball lightning explodes!
The blast of lightning engulfs your ball lightning.
Your ball lightning completely resists.
The blast of lightning engulfs your ball lightning.
Your ball lightning completely resists.
The blast of lightning engulfs you. You resist.
Your ball lightning explodes!
The blast of lightning engulfs your ball lightning.
Your ball lightning completely resists.
The blast of lightning engulfs your ball lightning.
Your ball lightning completely resists.
The blast of lightning engulfs you! You resist.
* * * LOW HITPOINT WARNING * * *
You climb upwards.
Your mindless thralls stay behind.
Level annotation: 36 runed doors
There is a stone staircase leading down here.
You start resting.
HP restored.
Magic restored.
You climb downwards.
Level annotation: Bai Suzhen; Boris
There is a stone staircase leading up here.
Casting: Conjure Ball Lightning (dangerous; 1% risk of failure)
Confirm with . or Enter, or press ? or * to list all spells.
You create some ball lightning! 3 ball lightnings come into view.
Your ball lightning explodes!
The blast of lightning engulfs your ball lightning.
Your ball lightning completely resists.
The blast of lightning engulfs your ball lightning.
Your ball lightning completely resists.
The blast of lightning engulfs Boris.
Boris resists.
Boris is lightly damaged.
The blast of lightning engulfs you! You resist.
Your ball lightning explodes!
The blast of lightning engulfs Boris.
Boris resists.
Boris is lightly damaged.
The blast of lightning engulfs your ball lightning.
Your ball lightning completely resists.
The blast of lightning engulfs you! You resist.
Your ball lightning explodes!
The blast of lightning engulfs Boris.
Boris resists.
Boris is lightly damaged.
Boris gestures at you while chanting. The iron shot misses you.
Casting: Conjure Ball Lightning (dangerous; 1% risk of failure)
Confirm with . or Enter, or press ? or * to list all spells.
You create some ball lightning! 3 ball lightnings come into view.
Boris points at himself and mumbles some strange words.
Boris flickers and vanishes for a moment.
Boris launches a ball of destructive magic.
An orb of destruction comes into view.
Casting: Conjure Ball Lightning (dangerous; 1% risk of failure)
Confirm with . or Enter, or press ? or * to list all spells.
You create some ball lightning! 3 ball lightnings come into view.
Your ball lightning explodes!
The blast of lightning engulfs your ball lightning.
Your ball lightning completely resists.
The blast of lightning engulfs your ball lightning.
Your ball lightning completely resists.
The blast of lightning engulfs your ball lightning.
Your ball lightning completely resists.
The blast of lightning engulfs you! You resist.
There is an open door here.
The orb of destruction hits your ball lightning!!!!
Your ball lightning explodes!
The blast of lightning engulfs your ball lightning.
Your ball lightning completely resists.
The blast of lightning engulfs your ball lightning.
Your ball lightning completely resists.
Your ball lightning explodes!
The blast of lightning engulfs your ball lightning.
Your ball lightning completely resists.
The blast of lightning engulfs your ball lightning.
Your ball lightning completely resists.
The blast of lightning engulfs you. You resist.
Something is blocking the doorway!
Your ball lightning explodes!
The blast of lightning engulfs you. You resist.
Boris launches a ball of destructive magic.
An orb of destruction comes into view.
The orb of destruction hits you!!!!
Ouch! That really hurt!
You die...

......#
##.......##
#......#
......#
#.......##
#......#
......#
#####°#####
#......#
......#
#.L....#
#......#
......#
#......#
########
......#
#..○...#
#######
#..°...#
#...○..#
#..@○..#
#......#
########


You could see Boris (invisible).

Vanquished Creatures
  Mara (Swamp:3)
  Nikola (Swamp:2)
  Rupert (D:14)
  A sphinx (Vaults:3)
  Kirke (D:13)
  2 thorn hunters
  A deep elf sorcerer (Vaults:3)
  3 ghost moths (Spider:4)
  7 emperor scorpions
  8 vault wardens
  An orc warlord (Orc:2)
  5 very ugly things
  A ghoul (Vaults:4)
  8 ironheart preservers
  6 stone giants
  A vampire knight (Vaults:2)
  An entropy weaver (Spider:4)
  4 bunyips
  3 eleionomae
  An eidolon (Vaults:2)
  4 fire dragons
  2 ettins
  Fannar (Lair:1)
  Josephine (D:15)
  2 great orbs of eyes (Vaults:1)
  6 yaktaur captains
  2 shambling mangroves
  2 vault guards (Vaults:3)
  8 boulder beetles
  23 hydras
  An ice dragon (Vaults:4)
  12 two-headed ogres
  2 ghost crabs
  5 ogre magi
  6 centaur warriors
  An anaconda (shapeshifter) (Vaults:4)
  2 death knights
  2 catoblepae
  8 alligators
  A deep troll shaman (Vaults:1)
  2 deep troll earth magi
  An orc high priest (Orc:1)
  A queen ant (D:8)
  A satyr (shapeshifter) (D:13)
  2 hell knights
  Urug (Lair:1)
  A storm dragon zombie (Vaults:4)
  3 deep elf knights
  4 goliath frogs
  A fire crab (Swamp:4)
  3 unseen horrors
  8 bog bodies
  4 spriggan druids
  A tengu zombie (Vaults:4)
  15 deep trolls
  2 shadow wraiths
  A glowing orange brain (Vaults:4)
  A flayed ghost (Vaults:1)
  8 swamp dragons
  3 lindwurms
  7 harpies
  2 necromancers
  7 deep elf archers
  13 orc knights
  6 ironbrand convokers
  4 wizards
  An orb spider (shapeshifter) (Vaults:4)
  A phantasmal warrior (Vaults:2)
  20 orb spiders
  2 deep elf pyromancers
  A deep elf zephyrmancer (D:15)
  35 ugly things
  4 will-o-the-wisps
  7 orc sorcerers
  32 wolf spiders
  A manticore (D:13)
  9 elephants
  3 moths of wrath (Spider:4)
  A fire giant zombie (Vaults:4)
  An oklob plant (Lair:3)
  8 cyclopes
  Maurice (Orc:1)
  5 vault sentinels
  An elephant (shapeshifter) (Vaults:3)
  Joseph (D:8)
  2 torpor snails
  4 black mambas
  A molten gargoyle (Swamp:3)
  12 cane toads
  A naga mage (D:15)
  A redback zombie (D:15)
  A yaktaur zombie (Vaults:4)
  24 yaktaurs
  3 rime drakes
  7 freezing wraiths
  3 komodo dragons
  15 demonic crawlers
  A harpy zombie (D:14)
  7 trolls
  7 tyrant leeches
  42 jumping spiders
  27 hornets
  3 meliai
  A troll (shapeshifter) (Vaults:3)
  Grinder (D:6)
  8 polar bears
  2 bloated husks
  15 blink frogs
  A sphinx simulacrum (Vaults:3)
  23 slime creatures
  2 dream sheep (Lair:6)
  A vampire (D:14)
  2 centaur simulacra
  83 redbacks
  8 wraiths
  22 tarantellas
  54 yaks
  24 spriggans
  5 wyverns
  A water elemental (D:14)
  3 basilisks
  7 hogs
  7 vampire mosquitoes
  6 steam dragons
  20 swamp worms
  2 wargs
  2 acid dragons
  8 soldier ants
  18 water moccasins
  11 swamp drakes
  3 black bears
  35 orc warriors
  3 sky beasts
  4 ice beasts
  4 boggarts
  19 ogres
  16 centaurs
  A phantom (D:12)
  31 wolves
  3 kobold brigands
  Blork the orc (D:4)
  27 bullfrogs
  2 gnoll sergeants (D:10)
  A deep troll simulacrum (Vaults:3)
  A wyvern zombie (D:14)
  7 scorpions
  A hornet simulacrum (D:15)
  A water moccasin skeleton (D:5)
  3 killer bees (D:9)
  5 electric eels
  6 wights
  6 howler monkeys
  A human simulacrum (Vaults:1)
  12 jellies
  A quasit (D:12)
  2 bullfrog zombies (D:13)
  4 centaur zombies
  9 hounds
  A human zombie (D:10)
  6 centaur skeletons
  17 orc priests
  2 bullfrog skeletons
  6 iguanas
  Natasha (thrice) (D:2)
  33 orc wizards
  33 worker ants
  A hound skeleton (D:6)
  A howler monkey zombie (D:7)
  3 worker ant zombies
  12 gnolls
  14 adders
  3 shadow imps
  5 white imps
  2 ufetubi
  3 oozes
  4 worms
  3 dart slugs
  5 leopard geckos
  92 orcs
  10 giant cockroaches
  9 goblins
  7 hobgoblins
  12 jackals
  11 kobolds
  4 quokkas
  8 bats
  5 frilled lizards
  A jackal skeleton (D:7)
  A kobold zombie (D:10)
  A leopard gecko skeleton (D:5)
  A leopard gecko zombie (D:5)
  A quokka zombie (D:6)
  6 rats
  A fire vortex (Swamp:4)
1418 creatures vanquished.

Vanquished Creatures (collateral kills)
  A vault warden (Vaults:2)
  3 ironheart preservers (Vaults:3)
  2 ettins (Vaults:2)
  3 vault guards
  3 two-headed ogres
  A hell knight (Vaults:3)
  A skeletal warrior (Vaults:2)
  2 ironbrand convokers
  An orc knight (Vaults:4)
  3 vault sentinels
  A cane toad (Lair:1)
  A gargoyle (D:15)
  A wraith (Vaults:2)
  A redback (Spider:4)
  A warg (Vaults:3)
  5 orc warriors
  14 ogres
  A gnoll sergeant (D:10)
  12 wights
  A bullfrog skeleton (D:11)
  2 orc priests
  Crazy Yiuf (D:1)
  Terence (D:2)
  2 orc wizards (D:13)
  A worker ant (D:11)
  2 gnolls
  13 orcs
  2 goblins (D:2)
  9 ball lightnings (Vaults:1)
91 creatures vanquished.

Vanquished Creatures (others)
  A redback (Spider:4)
  14 dancing weapons
  A swamp drake (Swamp:4)
  A sky beast (D:13)
  A worker ant (D:8)
  An orc (D:7)
  195 ball lightnings
  4 foxfires
  46 fungi
  162 plants
  2 toadstools (Swamp:2)
  4 withered plants (Orc:2)
432 creatures vanquished.

Grand Total: 1941 creatures vanquished

Notes
Turn   | Place    | Note
-------+----------+-------------------------------------------
     0 | D:1      | rednaxela the Spriggan Enchanter began the quest for the
                  | Orb.
     0 | D:1      | Reached XP level 1. HP: 9/9 MP: 5/5
    83 | D:1      | Reached skill level 3 in Spellcasting
   406 | D:1      | Reached skill level 4 in Hexes
   485 | D:1      | Reached XP level 2. HP: 11/13 MP: 7/7
   622 | D:2      | Learned a level 2 spell: Ensorcelled Hibernation
  1499 | D:1      | Reached XP level 3. HP: 16/16 MP: 9/9
  1503 | D:1      | Learned a level 3 spell: Confusing Touch
  1507 | D:1      | Learned a level 3 spell: Tukima's Dance
  2078 | D:2      | Found a runed translucent door.
  2079 | D:2      | Noticed Crazy Yiuf
  2637 | D:1      | Killed Crazy Yiuf
  2638 | D:1      | Reached skill level 4 in Spellcasting
  2703 | D:2      | Noticed Natasha
  2870 | D:2      | Killed Natasha
  2871 | D:2      | Reached skill level 5 in Hexes
  2871 | D:2      | Reached XP level 4. HP: 3/21 MP: 1/11
  3819 | D:2      | Found an iron altar of Okawaru.
  4100 | D:2      | Noticed Natasha
  4104 | D:2      | Killed Natasha
  4105 | D:2      | Reached XP level 5. HP: 24/24 MP: 10/13
  4282 | D:2      | Reached skill level 5 in Spellcasting
  4317 | D:2      | Found a hide-covered altar of Uskayaw.
  4334 | D:2      | Noticed Natasha
  4336 | D:2      | Found a shimmering blue altar of Sif Muna.
  4343 | D:2      | Killed Natasha
  4568 | D:2      | Noticed Terence
  4604 | D:2      | Killed Terence
  5013 | D:3      | Reached skill level 6 in Hexes
  5660 | D:4      | Found a staircase to the Ecumenical Temple.
  5910 | D:4      | Reached XP level 6. HP: 25/28 MP: 10/15
  6116 | D:4      | Noticed Blork the orc
  6129 | D:4      | Killed Blork the orc
  6130 | D:4      | Reached skill level 6 in Spellcasting
  6169 | D:4      | Found Wet Yha's Weapon Boutique.
  6221 | D:4      | Found a hazy altar of Hepliaklqana.
  6562 | D:4      | Found a blossoming altar of Fedhas.
  6764 | Temple   | Entered the Ecumenical Temple
  7073 | D:2      | Became a worshipper of Sif Muna the Loreminder
  7158 | D:5      | Entered Level 5 of the Dungeon
  7164 | D:5      | Found a glowing golden altar of the Shining One.
  7164 | D:5      | Found a glowing silver altar of Zin.
  7211 | D:5      | Reached skill level 7 in Hexes
  7315 | D:4      | Reached XP level 7. HP: 10/32 MP: 12/18
  7560 | D:5      | Reached skill level 7 in Spellcasting
  8571 | D:5      | Reached skill level 8 in Hexes
  8891 | D:5      | Reached skill level 8 in Spellcasting
  9076 | D:5      | Reached XP level 8. HP: 17/36 MP: 14/21
  9304 | D:5      | Found a radiant altar of Vehumet.
  9578 | D:6      | Reached skill level 9 in Hexes
  9803 | D:6      | Reached * piety under Sif Muna
  9894 | D:5      | Reached skill level 9 in Spellcasting
 10113 | D:6      | Noticed Grinder
 10504 | D:6      | Killed Grinder
 10505 | D:6      | Reached skill level 10 in Hexes
 10782 | D:7      | Reached skill level 10 in Spellcasting
 11011 | D:7      | Found Vigat's Lightly-Used Armoury.
 11105 | D:7      | Reached XP level 9. HP: 34/39 MP: 21/24
 11218 | D:7      | Found a runed translucent gate.
 11218 | D:7      | Found a runed translucent gate.
 11218 | D:7      | Found a runed translucent gate.
 11606 | D:6      | Upgraded the game from 0.27-a0-417-g317cea8a3c to
                  | 0.27-a0-423-gf312af23e9
 12168 | D:5      | Reached skill level 11 in Hexes
 12979 | D:5      | Reached skill level 11 in Spellcasting
 13695 | D:7      | Reached ** piety under Sif Muna
 13945 | D:7      | Noticed foci's ghost (novice GrFi)
 14837 | D:8      | Found a snail-covered altar of Cheibriados.
 14844 | D:8      | Noticed a purple ugly thing
 15178 | D:8      | Reached skill level 12 in Hexes
 15268 | D:8      | Found a staircase to the Lair.
 15405 | D:8      | Reached skill level 12 in Spellcasting
 15408 | D:8      | Identified the Tome of the Birds and Cold
 15474 | D:8      | Reached skill level 3 in Dodging
 15560 | D:8      | Reached skill level 5 in Stealth
 15665 | D:8      | Killed a purple ugly thing
 15666 | D:8      | Reached skill level 4 in Dodging
 15666 | D:8      | Reached skill level 6 in Stealth
 15666 | D:8      | Reached XP level 10. HP: 44/44 MP: 25/27
 15739 | D:8      | Reached *** piety under Sif Muna
 15894 | D:8      | Noticed a queen ant
 16052 | D:9      | Reached skill level 5 in Dodging
 16172 | D:9      | Found a shimmering altar of Xom.
 16190 | D:9      | Reached skill level 7 in Stealth
 16322 | D:9      | Reached skill level 6 in Dodging
 16344 | D:9      | Reached skill level 8 in Stealth
 16449 | D:9      | Found a white marble altar of Elyvilon.
 16487 | D:9      | Reached skill level 7 in Dodging
 16491 | D:9      | Reached skill level 9 in Stealth
 16883 | D:9      | Reached skill level 8 in Dodging
 16885 | D:9      | Reached skill level 10 in Stealth
 16894 | D:9      | Noticed a two-headed ogre
 16904 | D:9      | Killed a two-headed ogre
 17151 | D:9      | Reached **** piety under Sif Muna
 17172 | D:9      | Reached skill level 9 in Dodging
 17345 | D:10     | Entered Level 10 of the Dungeon
 17363 | D:10     | Noticed an unseen horror
 17378 | D:10     | Killed an unseen horror
 17379 | D:10     | Reached skill level 11 in Stealth
 17379 | D:10     | Reached XP level 11. HP: 34/47 MP: 25/28
 17424 | D:10     | Found a runed translucent door.
 17431 | D:10     | Found a basalt altar of Yredelemnul.
 17644 | D:10     | Reached skill level 10 in Dodging
 17740 | D:10     | Found a staircase to the Orcish Mines.
 17766 | D:10     | Reached skill level 12 in Stealth
 18044 | D:10     | Found a sparkling altar of Nemelex Xobeh.
 18061 | D:10     | Reached ***** piety under Sif Muna
 18217 | D:10     | Noticed a two-headed ogre
 18221 | D:10     | Killed a two-headed ogre
 18527 | D:10     | Reached skill level 13 in Stealth
 18640 | D:11     | Noticed a four-headed hydra
 18640 | D:11     | Noticed an eight-headed hydra
 18644 | D:11     | Noticed a two-headed ogre
 18665 | D:10     | Killed a four-headed hydra
 18666 | D:10     | Reached skill level 11 in Dodging
 18800 | D:11     | Received a gift from Sif Muna
 18858 | D:11     | Learned a level 1 spell: Apportation
 18885 | D:11     | You fall into a shaft and drop 3 floors!
 19484 | D:11     | Killed a two-headed ogre
 19485 | D:11     | Reached skill level 12 in Dodging
 19485 | D:11     | Reached skill level 14 in Stealth
 19602 | D:10     | Killed an eight-headed hydra
 20058 | Lair:1   | Entered Level 1 of the Lair of Beasts
 20138 | Lair:1   | Reached skill level 15 in Stealth
 20138 | Lair:1   | Reached XP level 12. HP: 51/51 MP: 19/29
 20346 | Lair:1   | Reached skill level 13 in Dodging
 20497 | Lair:1   | Noticed Joseph
 20551 | Lair:1   | Noticed Urug
 20582 | Lair:1   | Killed Urug
 20583 | Lair:1   | Reached skill level 14 in Dodging
 20722 | D:8      | Killed Joseph
 21243 | Lair:1   | Noticed Fannar
 21368 | Lair:1   | Killed Fannar
 21554 | Lair:1   | Reached skill level 15 in Dodging
 21554 | Lair:1   | Reached skill level 1 in Invocations
 21564 | Lair:1   | Reached skill level 2 in Invocations
 21769 | Lair:2   | Reached skill level 3 in Invocations
 21799 | Lair:2   | Reached skill level 4 in Invocations
 22101 | Lair:2   | Found a hole to the Spider Nest.
 22124 | Lair:2   | Reached skill level 5 in Invocations
 22313 | Lair:2   | Identified Sysyry's Catalogue of the Mountains and Sinister
                  | Rituals (Sif Muna gifted it to you on level 2 of the Lair
                  | of Beasts)
 22313 | Lair:2   | Received a gift from Sif Muna
 22373 | Lair:2   | Reached skill level 6 in Invocations
 22395 | Lair:2   | Found a staircase to the Swamp.
 22921 | Lair:3   | Reached skill level 7 in Invocations
 23268 | Lair:3   | Reached skill level 8 in Invocations
 23268 | Lair:3   | Reached XP level 13. HP: 55/55 MP: 30/30
 23599 | Lair:3   | Reached skill level 9 in Invocations
 24011 | Lair:4   | Reached skill level 1 in Evocations
 24018 | Lair:4   | Reached skill level 3 in Evocations
 24021 | Lair:4   | Learned a level 2 spell: Passwall
 24133 | Lair:4   | Reached skill level 4 in Evocations
 24243 | Lair:4   | Reached skill level 5 in Evocations
 24350 | Lair:4   | Reached skill level 6 in Evocations
 24438 | Lair:4   | Reached skill level 7 in Evocations
 24743 | Lair:4   | Identified a scroll of acquirement
 24749 | Lair:4   | Acquired the +3 warlock's mirror {reflect}
 24750 | Lair:4   | Found the +3 warlock's mirror {reflect}
 24852 | Lair:4   | Reached skill level 1 in Shields
 25418 | Lair:5   | Reached skill level 2 in Shields
 25514 | Lair:5   | Found a staircase to the Slime Pits.
 25517 | Lair:5   | Reached skill level 3 in Shields
 25891 | Lair:5   | Reached skill level 4 in Shields
 25902 | Lair:5   | Identified Sif Muna's Compendium of Transformation and
                  | Unholy Secrets (Sif Muna gifted it to you on level 5 of the
                  | Lair of Beasts)
 25902 | Lair:5   | Received a gift from Sif Muna
 26597 | Lair:6   | Entered Level 6 of the Lair of Beasts
 26747 | Lair:6   | Reached skill level 5 in Shields
 27169 | Lair:6   | Reached skill level 6 in Shields
 27289 | Lair:5   | Reached XP level 14. HP: 55/59 MP: 24/31
 27721 | Lair:6   | Reached skill level 7 in Shields
 28084 | Lair:6   | Reached skill level 1 in Fighting
 28122 | Lair:6   | Paralysed by a hornet for 2 turns
 28180 | Lair:6   | Reached skill level 2 in Fighting
 28504 | Lair:6   | Reached skill level 3 in Fighting
 28704 | Lair:6   | Received a gift from Sif Muna
 28705 | Lair:6   | Reached skill level 8 in Evocations
 29309 | D:12     | Reached skill level 9 in Evocations
 29702 | D:12     | Learned a level 4 spell: Airstrike
 29819 | D:12     | Reached skill level 1 in Air Magic
 30086 | D:12     | Reached skill level 2 in Air Magic
 30161 | D:13     | Noticed an ironheart preserver
 30178 | D:13     | Killed an ironheart preserver
 30179 | D:13     | Reached skill level 3 in Air Magic
 30296 | D:13     | Reached skill level 4 in Air Magic
 30661 | D:13     | Reached skill level 5 in Air Magic
 30890 | D:13     | Found a gate to the Vaults.
 31147 | D:13     | Reached skill level 6 in Air Magic
 31453 | D:13     | Learned a level 2 spell: Swiftness
 31497 | Orc:1    | Entered Level 1 of the Orcish Mines
 31947 | Orc:1    | Noticed Maurice
 32023 | Orc:1    | Killed Maurice
 32312 | Orc:1    | Identified Sif Muna's Magic Continued (Sif Muna gifted it
                  | to you on level 1 of the Orcish Mines)
 32312 | Orc:1    | Received a gift from Sif Muna
 32835 | Orc:1    | Reached skill level 7 in Air Magic
 33283 | Orc:1    | Found a transporter.
 33355 | Orc:2    | Entered Level 2 of the Orcish Mines
 33467 | Orc:2    | Found a staircase to the Elven Halls.
 33657 | Orc:2    | Found a runed translucent gate.
 33657 | Orc:2    | Found a runed translucent gate.
 33657 | Orc:2    | Found a runed translucent gate.
 33658 | Orc:2    | Noticed miscthings's ghost (journeyman DsGl)
 33658 | Orc:2    | Noticed snackwell's ghost (journeyman NaGl)
 33669 | Orc:2    | Noticed jasper's ghost (journeyman TeFi)
 34090 | Orc:2    | Noticed an orc warlord
 34465 | Orc:1    | Reached skill level 8 in Air Magic
 34839 | Orc:1    | Reached XP level 15. HP: 24/68 MP: 17/32
 35272 | Orc:2    | Found Aruqopt's Antique Weapon Shop.
 36287 | Orc:2    | Found a roughly hewn altar of Beogh.
 36751 | Orc:2    | Found Raheeb's Jewellery Shop.
 36841 | Orc:2    | Found Ziredgh's Antique Armour Shop.
 36854 | Orc:2    | Killed an orc warlord
 36855 | Orc:2    | Reached skill level 9 in Air Magic
 37047 | Orc:2    | Found Colyiss's Antique Weapon Shop.
 37340 | Orc:2    | Found Sukh's General Store.
 38020 | D:14     | Received a gift from Sif Muna
 39087 | D:14     | Noticed Kirke
 39408 | D:13     | Killed Kirke
 39472 | D:14     | Reached skill level 10 in Air Magic
 39852 | D:14     | Noticed Rupert
 39883 | D:14     | Killed Rupert
 40001 | D:14     | Noticed Khashishi's ghost (journeyman OgWz)
 40004 | D:14     | Identified the +4 lajatang of Variolea {flame, Str+3}
 40006 | D:14     | Found a bloodstained altar of Trog.
 40084 | D:14     | Identified the +7 great mace "Ucsyqusch" {flame, *Noise
                  | Will+ Int+3}
 40084 | D:14     | Noticed an orc warlord
 40090 | D:14     | Found a transporter.
 40095 | D:14     | Found a transporter.
 40250 | D:14     | Found a runed translucent door.
 40250 | D:14     | Found a runed translucent door.
 40266 | D:14     | Found a runed translucent door.
 40370 | D:14     | Identified the +8 battleaxe of Wolos {flame, rPois Int+5
                  | Dex-3 SInv}
 40403 | D:15     | Entered Level 15 of the Dungeon
 40690 | D:15     | Identified the ring of Twilight {+Fly rElec rN++ Dex-2}
 41050 | D:15     | Noticed Josephine
 41069 | D:15     | HP: 3/68 [centaur warrior/arrow (3)]
 41298 | D:15     | Reached skill level 11 in Air Magic
 41374 | D:15     | Learned a level 6 spell: Invisibility
 41831 | D:15     | Killed Josephine
 42014 | D:15     | Found a staircase to the Depths.
 42075 | D:15     | Learned a level 5 spell: Lightning Bolt
 42583 | D:8      | Reached skill level 1 in Conjurations
 43062 | Swamp:1  | Entered Level 1 of the Swamp
 43081 | Spider:1 | Entered Level 1 of the Spider Nest
 43090 | Lair:2   | Reached skill level 2 in Conjurations
 43235 | Lair:2   | Identified Sif Muna's Collected Works on Air and Beguiling
                  | (Sif Muna gifted it to you on level 2 of the Lair of
                  | Beasts)
 43235 | Lair:2   | Received a gift from Sif Muna
 43244 | Lair:2   | Learned a level 6 spell: Conjure Ball Lightning
 43324 | Lair:2   | Reached skill level 3 in Conjurations
 43702 | Lair:2   | Reached skill level 4 in Conjurations
 44125 | Spider:1 | Reached skill level 5 in Conjurations
 44473 | Spider:1 | Found a roughly hewn altar of Beogh.
 44482 | Spider:1 | Reached XP level 16. HP: 72/72 MP: 30/33
 44501 | Spider:1 | Reached skill level 6 in Conjurations
 45013 | Spider:1 | Identified Sif Muna's Reference Book on Displaced Flight
                  | (Sif Muna gifted it to you on level 1 of the Spider Nest)
 45013 | Spider:1 | Received a gift from Sif Muna
 45360 | Spider:2 | Reached skill level 12 in Air Magic
 46624 | Spider:3 | Identified the ring of Accord {Int+4 SInv}
 47012 | Spider:3 | Reached skill level 13 in Spellcasting
 47717 | Spider:4 | Entered Level 4 of the Spider Nest
 47894 | Spider:4 | Identified Sif Muna's Grimoire of Attacks (Sif Muna gifted
                  | it to you on level 4 of the Spider Nest)
 47894 | Spider:4 | Received a gift from Sif Muna
 48375 | Spider:4 | Reached skill level 13 in Air Magic
 49017 | Spider:4 | Reached skill level 14 in Spellcasting
 50352 | Spider:4 | Identified Sif Muna's Almanac of Spatial Clay (Sif Muna
                  | gifted it to you on level 4 of the Spider Nest)
 50352 | Spider:4 | Received a gift from Sif Muna
 50563 | Spider:4 | Reached XP level 17. HP: 44/76 MP: 29/36
 51290 | Spider:4 | Got a gossamer rune of Zot
 51654 | Swamp:1  | Found a runed translucent door.
 51657 | Swamp:1  | Noticed Qemahefa's ghost (adept GrFi)
 51661 | Swamp:1  | Reached skill level 15 in Spellcasting
 52096 | Swamp:1  | Reached skill level 14 in Air Magic
 53545 | Swamp:2  | Identified Sif Muna's Spellweaving, Part Five (Sif Muna
                  | gifted it to you on level 2 of the Swamp)
 53545 | Swamp:2  | Received a gift from Sif Muna
 53781 | Swamp:2  | Noticed Nikola
 54476 | Swamp:2  | Killed Nikola
 54692 | Swamp:2  | Reached skill level 16 in Spellcasting
 56941 | Swamp:4  | Entered Level 4 of the Swamp
 56993 | Swamp:4  | Reached skill level 15 in Air Magic
 57408 | Swamp:4  | Noticed Mara
 57409 | Swamp:4  | Noticed rednaxela's illusion
 57458 | Swamp:3  | Noticed rednaxela's illusion
 57462 | Swamp:3  | Killed Mara
 57566 | Swamp:4  | Reached skill level 17 in Spellcasting
 58251 | Swamp:3  | Reached XP level 18. HP: 43/80 MP: 24/40
 59465 | Swamp:4  | Identified Sif Muna's Reference Book on Flight (Sif Muna
                  | gifted it to you on level 4 of the Swamp)
 59465 | Swamp:4  | Received a gift from Sif Muna
 59818 | Swamp:4  | Got a decaying rune of Zot
 60689 | Vaults:1 | Entered Level 1 of the Vaults
 60949 | Vaults:1 | Found a runed translucent door.
 60949 | Vaults:1 | Noticed theMacoje's ghost (adept OgEn)
 61902 | Vaults:1 | Reached skill level 18 in Spellcasting
 61983 | Vaults:1 | Reached skill level 16 in Air Magic
 64613 | Vaults:1 | Received a gift from Sif Muna
 64618 | Vaults:1 | Learned a level 2 spell: Blink
 64749 | Vaults:1 | Upgraded the game from 0.27-a0-423-gf312af23e9 to
                  | 0.27-a0-448-gace5c5693b
 65588 | Vaults:2 | Reached skill level 19 in Spellcasting
 66764 | Vaults:2 | Reached XP level 19. HP: 80/84 MP: 15/43
 67111 | Vaults:2 | Found a staircase to the Crypt.
 67532 | Vaults:2 | Reached skill level 17 in Air Magic
 68480 | Vaults:2 | Identified Sif Muna's Handbook of Dusty Conjuration (Sif
                  | Muna gifted it to you on level 2 of the Vaults)
 68480 | Vaults:2 | Received a gift from Sif Muna
 70083 | Vaults:3 | Reached skill level 20 in Spellcasting
 71466 | Vaults:3 | Identified Sif Muna's Volume of Captivating Conjuration
                  | (Sif Muna gifted it to you on level 3 of the Vaults)
 71466 | Vaults:3 | Received a gift from Sif Muna
 72293 | Vaults:3 | Reached skill level 18 in Air Magic
 72850 | Vaults:3 | Identified the +2 pair of boots of the Comet {rElec rPois
                  | Int+3}
 72998 | Vaults:3 | Found a huge runed gate.
 73000 | Vaults:3 | Found a huge runed gate.
 73001 | Vaults:3 | Found a huge runed gate.
 73001 | Vaults:3 | Found a huge runed gate.
 73005 | Vaults:3 | Found a huge runed gate.
 73006 | Vaults:3 | Found a huge runed gate.
 73129 | Vaults:3 | Found a huge runed gate.
 73132 | Vaults:3 | Found a huge runed gate.
 73132 | Vaults:3 | Found a huge runed gate.
 73133 | Vaults:3 | Found a huge runed gate.
 73138 | Vaults:3 | Found a huge runed gate.
 73138 | Vaults:3 | Found a huge runed gate.
 73138 | Vaults:3 | Found a huge runed gate.
 73138 | Vaults:3 | Found a huge runed gate.
 73138 | Vaults:3 | Found a huge runed gate.
 73138 | Vaults:3 | Found a huge runed gate.
 73139 | Vaults:3 | Found a huge runed gate.
 73140 | Vaults:3 | Found a huge runed gate.
 73141 | Vaults:3 | Found a huge runed gate.
 73149 | Vaults:3 | Found a huge runed gate.
 73149 | Vaults:3 | Found a huge runed gate.
 73149 | Vaults:3 | Found a huge runed gate.
 73149 | Vaults:3 | Found a huge runed gate.
 73149 | Vaults:3 | Found a huge runed gate.
 73149 | Vaults:3 | Found a huge runed gate.
 73150 | Vaults:3 | Found a huge runed gate.
 73151 | Vaults:3 | Found a huge runed gate.
 73152 | Vaults:3 | Found a huge runed gate.
 73160 | Vaults:3 | Found a huge runed gate.
 73160 | Vaults:3 | Found a huge runed gate.
 73160 | Vaults:3 | Found a huge runed gate.
 73160 | Vaults:3 | Found a huge runed gate.
 73160 | Vaults:3 | Found a huge runed gate.
 73160 | Vaults:3 | Found a huge runed gate.
 73161 | Vaults:3 | Found a huge runed gate.
 73162 | Vaults:3 | Found a huge runed gate.
 73169 | Vaults:3 | Found Ehut Doro's Book Boutique.
 74876 | Vaults:4 | Reached XP level 20. HP: 88/88 MP: 45/45
 75102 | Vaults:4 | Identified Sif Muna's Papyrus of Stolen Souls (Sif Muna
                  | gifted it to you on level 4 of the Vaults)
 75102 | Vaults:4 | Received a gift from Sif Muna
 75971 | Vaults:4 | Reached skill level 19 in Air Magic
 76041 | Vaults:4 | Noticed Bai Suzhen
 76176 | Vaults:4 | Noticed Boris
 76322 | Vaults:4 | Blown up by Boris

Illustrated notes

Levels and vault maps discovered:
D:1:      roderic_crop_circles_arrival_small, layout_basic, serial_glass,
          glass_columns_c, glass_columns_a, feat_on_display, chequers_garden,
          minivault_4, minmay_ruptured
D:2:      layout_basic, old_standard_altar, kennysheep_okawaru_gauntlet,
          lemuel_doored_altar, uniq_natasha, uniq_crazy_yiuf_cottage,
          uniq_terence
D:3:      layout_rooms
D:4:      layout_loops_ring, nzn_hepliaklqana_mist_gate, marbit_many_paths,
          minmay_temple_entry_stoned_glass, serial_shops, shop,
          columned_hall_lemuel, uniq_blork_the_orc
D:5:      layout_basic, kennysheep_little_box, gammafunk_temple_overflow_statue,
          lightli_sewer_entry_pipes
D:6:      layout_cave_pools, uniq_grinder
D:7:      layout_cave_pods, gammafunk_ghost_icy, supply_closet_lemuel,
          minmay_shop_damaged, serial_bayou_pond_d
D:8:      layout_loops_ring, cheibriados_altar_1, lair_entry_dummy,
          minmay_misc_feat_square, zaba_antful_of_joy
D:9:      layout_loops_cross, grunt_temple_overflow_open
D:10:     layout_loops_corners, kennysheep_orc_monster_closet_entryway,
          basic_altar, dk_yredelemnul_ordeal
D:11:     layout_cave_pools
D:12:     layout_irregular_city, enter_bailey_8
D:13:     layout_rooms, skrybe_vaults_entry_preservation
D:14:     layout_irregular_city, chequers_serial_rivers_large_b,
          gammafunk_ghost_wrathful_warriors, hex_tiny, palyth_stone_intersect,
          serial_bayou_ford_a, mikee_hates_you, uniq_kirke, uniq_rupert
D:15:     grunt_enter_depths_magical_seal, layout_long_grid, uniq_josephine
Temple:   minmay_temple_curvy_loop
Lair:1:   layout_gridlike, infiniplex_staircase_pool_2, uniq_joseph, uniq_urug,
          uniq_fannar
Lair:2:   layout_hall_layers, minmay_swamp_entry_worms,
          spider_nest_entry_rubble, lemuel_old_faithful
Lair:3:   layout_cellular_growth, minmay_lair_oklob_chamber
Lair:4:   layout_cave_pods, grunt_megastairs_1
Lair:5:   layout_cave_pods, nicolae_slime_entry_slimehenge, serial_forest,
          infiniplex_forest_clump_small, infiniplex_forest_straight_2,
          infiniplex_forest_clump_small, infiniplex_forest_side_room,
          infiniplex_forest_end_double, infiniplex_forest_clump_curved,
          infiniplex_forest_lined_2, dpeg_stationary_puzzle
Lair:6:   minmay_lair_end_enchanted_forest, layout_regular_city
Swamp:1:  layout_falls_marsh, ebering_ghost_reflecting_pool,
          nicolae_swamp_triple_paths
Swamp:2:  cheibrodos_swamp_tower_of_moss, layout_falls_marsh,
          evilmike_swamp_ruin_house_4, swamp_pool5, uniq_nikola
Swamp:3:  layout_basic_swamp, evilmike_swamp_ruin_house_2, swamp_pool1
Swamp:4:  swamp_fiery, layout_basic_swamp, uniq_mara
Spider:1: nicolae_spider_mines_2, drop_trap, spiders_nest_hornet_nest
Spider:2: layout_spider_delve, drop_trap
Spider:3: layout_spider_delve
Spider:4: grunt_spider_rune_parallel
Orc:1:    emtedronai_trogs_sanctum, layout_caves, uniq_maurice
Orc:2:    grunt_orc_cross, layout_caves, serial_shops,
          nicolae_shop_behind_doors, gammafunk_ghost_cemetery
Vaults:1: ebering_vaults_ghost_inner_flame, ontoclasm_vaults_eye,
          ontoclasm_vaults_pinch, grunt_vaults_bifocal, vaults_room_ringed_pool,
          nicolae_vaults_mini_display_case, vaults_room_grunt_arrival_ludios,
          serial_ice_g, st_check, nicolae_vaults_little_squares_6,
          layout_vaults_omnigrid
Vaults:2: minmay_crypt_entry_simple_box, dpeg_vaults_monster_row, v_misc_24,
          vaults_dpeg_ring, v_misc_15, nicolae_vaults_little_squares_2,
          ontoclasm_vaults_gallery, grunt_vaults_twisty, vaults_room_corners,
          ontoclasm_vaults_fault, hangedman_vaults_trim, v_misc_27,
          layout_vaults_chaotic_city
Vaults:3: v_pattern_3, v_misc_3, hangedman_vaults_stretched_pinwheel,
          grunt_vaults_hallway_short, ontoclasm_vaults_twist,
          vaults_not_door_vault_due, nicolae_vaults_big_ls, grunt_vaults_funnel,
          v_misc_15, hangedman_vaults_nodes, grunt_vaults_focal,
          nicolae_vaults_little_squares_2, hangedman_vaults_cutoff,
          layout_vaults_ring, serial_shops, nicolae_shop_trees
Vaults:4: nicolae_vaults_big_angled_halls, vaults_standard_mumra_lines,
          grunt_vaults_swirl, vaults_mumra_hex, ontoclasm_vaults_loading_screen,
          nicolae_vaults_network_barrier, v_misc_4, ontoclasm_vaults_tryst,
          vaults_room_fancy_cross, hangedman_vaults_restitches,
          vaults_mumra_lcd, layout_vaults_omnibox, uniq_boris, uniq_bai_suzhen

Skill      XL: |  1  2  3  4  5  6  7  8  9 10 11 12 13 14 15 16 17 18 19 20 |
---------------+-------------------------------------------------------------+-----
Spellcasting   | 3 4 5 6 8 10 12 14 17 19 20 | 20.4
Hexes          | 4 5 6 7 8 10 12 | 12.1
Dodging        | 4 9 12 15 | 15.0
Stealth        | 6 11 15 | 15.0
Invocations    | 8 9 |  9.0
Evocations     | 7 9 |  9.6
Shields        | 6 7 |  7.2
Fighting       | 3 |  3.0
Air Magic      | 8 11 13 15 16 18 19 | 19.0
Conjurations   | 5 6 |  6.0
Short Blades   | |  1.1

Action                   |  1- 3 |  4- 6 |  7- 9 | 10-12 | 13-15 | 16-18 | 19-21 || total
-------------------------+-------+-------+-------+-------+-------+-------+-------++-------
Melee: Dagger            |    89 |   129 |   566 |   362 |   903 |   543 |   196 ||  2788
Throw: Dart              |       |       |       |       |     2 |       |       ||     2
 Cast: Corona            |     4 |       |     2 |       |       |       |       ||     6
       Ensorcelled Hiber |    45 |    69 |    78 |   206 |   291 |   304 |    49 ||  1042
       Tukima's Dance    |     5 |     4 |    27 |    41 |    68 |    11 |    57 ||   213
       Confusing Touch   |       |    10 |    73 |    37 |    96 |    36 |    29 ||   281
       Airstrike         |       |       |       |       |   331 |   523 |   242 ||  1096
       Lightning Bolt    |       |       |       |       |    11 |    15 |    69 ||    95
       Invisibility      |       |       |       |       |       |     5 |       ||     5
       Conjure Ball Ligh |       |       |       |       |       |    70 |    17 ||    87
Invok: Channel Magic     |       |       |       |       |     3 |     3 |       ||     6
 Abil: Evoke Flight      |       |       |       |       |       |    14 |       ||    14
Evoke: Wand              |       |       |     2 |     5 |    15 |     4 |     2 ||    28
       Lightning rod     |       |       |       |       |     7 |     4 |       ||    11
  Use: Scroll            |       |     7 |     6 |    10 |    11 |     5 |     5 ||    44
       Potion            |       |       |       |     7 |     2 |       |       ||     9
 Stab: Sleeping          |    19 |    42 |    56 |   147 |   202 |   191 |    38 ||   695
       Confused          |       |    10 |    59 |    35 |    91 |    45 |    24 ||   264
       Paralysed         |       |       |     3 |       |       |       |       ||     3
       Distracted        |       |       |     2 |       |     1 |     1 |       ||     4
       Invisible         |       |       |       |       |       |     3 |       ||     3
Armor: Robe              |    10 |    13 |    50 |     6 |    34 |   131 |     2 ||   246
       Troll leather arm |       |       |       |    27 |    89 |       |       ||   116
       Steam dragon scal |       |       |       |       |       |       |    39 ||    39
Dodge: Dodged            |    68 |   123 |   329 |   408 |   799 |   820 |   174 ||  2721
Block: Buckler           |       |       |       |       |   478 |   508 |   139 ||  1125
       Reflection        |       |       |       |       |    35 |    27 |    39 ||   101

Table legend: (Time is in decaauts)
 A = Elapsed time spent in this place.
 B = Non-inter-level travel time spent in this place.
 C = Inter-level travel time spent in this place.
 D = Time resting spent in this place.
 E = Time spent auto-exploring this place.
 F = Levels seen in this place.
 G = Mean time per level.
                   A        B        C        D        E       F      G
               +--------+--------+--------+--------+--------+-----+--------+
         Total |  63213 |  60978 |   2235 |  19882 |  26146 |  36 | 1755.9 |
       Dungeon |  23227 |  22320 |    907 |   6376 |  10576 |  15 | 1548.5 |
        Temple |    136 |    122 |     14 |      0 |    120 |   1 |  136.0 |
          Lair |   7305 |   6799 |    506 |   1013 |   3546 |   6 | 1217.5 |
         Swamp |   8177 |   7894 |    283 |   4066 |   2422 |   4 | 2044.2 |
   Spider Nest |   6143 |   5947 |    196 |   1849 |   1897 |   4 | 1535.8 |
  Orcish Mines |   5398 |   5292 |    106 |   2520 |   1981 |   2 | 2699.0 |
        Vaults |  12824 |  12603 |    221 |   4056 |   5603 |   4 | 3206.0 |
               +--------+--------+--------+--------+--------+-----+--------+

Top non-repeatable levels by time:
Vaults:2: 4224 daAuts
Vaults:3: 3733 daAuts
   Orc:1: 3506 daAuts
Vaults:1: 3251 daAuts
 Swamp:3: 2976 daAuts
 Swamp:2: 2536 daAuts
Spider:4: 2474 daAuts
     D:2: 2300 daAuts
    D:13: 2235 daAuts
     D:4: 2186 daAuts
     D:5: 2080 daAuts
     D:1: 1927 daAuts
   Orc:2: 1891 daAuts
  Lair:2: 1762 daAuts
     D:8: 1711 daAuts
